 Dungeon Crawl Stone Soup version 0.25-a0-1133-g93ebf739aa (webtiles) character file.

Game seed: 6757160905583121999, levelgen mode: deterministic

1036 vurker the Charlatan (level 8, -16/61 HPs)
             Began as a Human Artificer on May 20, 2020.
             Was an Initiate of the Shining One.
             Demolished by an ogre
             ... wielding a +0 giant club
              (17 damage)
             ... on level 5 of the Dungeon.
             The game lasted 00:10:22 (6043 turns).

vurker the Charlatan (Human Artificer)              Turns: 6043, Time: 00:10:23

Health: -16/61     AC: 17    Str: 15    XL:     8   Next: 48%
Magic:  11/11      EV:  6    Int: 14    God:    the Shining One [......]
Gold:   259        SH:  0    Dex: 14    Spells: 7/7 levels left

rFire    . . .     SeeInvis .   a - +0 long sword
rCold    . . .     Gourm    .   (no shield)
rNeg     . . .     Faith    .   y - +0 plate armour
rPois    +         Spirit   .   o - +1 helmet {Int+3}
rElec    .         Reflect  .   g - +2 cloak
rCorr    .         Harm     .   (no gloves)
MR       .....                  (no boots)
Stlth    ..........             (no amulet)
HPRegen  0.20/turn              i - ring of poison resistance
MPRegen  0.12/turn              (no ring)

@: glowing
A: no striking features
a: Renounce Religion


You were on level 5 of the Dungeon.
You worshipped the Shining One.
The Shining One was noncommittal.
You were not hungry.

You visited 2 branches of the dungeon, and saw 7 of its levels.

You collected 259 gold pieces.

Inventory:

Hand Weapons
 a - a +0 long sword (weapon)
   (You found it on level 4 of the Dungeon)
Armour
 g - a +2 cloak (worn)
   (You found it on level 4 of the Dungeon)
 o - a +1 helmet of intelligence (worn)
   (You found it on level 1 of the Dungeon)
 y - a +0 plate armour (worn)
   (You found it on level 4 of the Dungeon)
Jewellery
 i - a ring of poison resistance (left hand)
   (You found it on level 1 of the Dungeon)
Wands
 d - a wand of enslavement (15)
 t - a wand of flame (3)
Scrolls
 c - 3 scrolls of teleportation {unknown}
 f - a scroll of fog {unknown}
 h - 7 scrolls of identify {unknown}
 l - a scroll of amnesia {unknown}
 r - 4 scrolls of remove curse {unknown}
 s - 2 scrolls of fear {unknown}
 u - a scroll of immolation {unknown}
 A - a scroll of blinking {unknown}
Potions
 b - a potion of ambrosia {unknown}
 j - a potion of invisibility {unknown}
 m - 3 potions of curing {unknown}
 n - a potion of flight {unknown}
 p - 3 potions of mutation {unknown}
 v - a potion of haste {unknown}
 w - a potion of resistance {unknown}
 x - a potion of degeneration {unknown}
 z - a potion of magic {unknown}
Comestibles
 e - 9 rations


   Skills:
 + Level 4.5 Fighting
   Level 1.0(1.4) Short Blades
 * Level 1.6(1.8) Long Blades
 + Level 4.1 Armour
 - Level 5.0 Dodging
 - Level 1.0 Stealth
 + Level 1.2 Invocations
 + Level 5.3 Evocations


You had 7 spell levels left.
You didn't know any spells.
Your spell library was empty.

Dungeon Overview and Level Annotations

Branches:
Dungeon (6/15)             Temple (1/1) D:5

Altars:
Ashenzari
Cheibriados
Dithmenos
Gozag
Kikubaaqudgha
Nemelex Xobeh
Okawaru
Qazlal
Ru
Sif Muna
Trog
Xom
Yredelemnul
The Shining One


Message History

The orc hits you but does no damage.
Your plate armour prevents you from hitting the orc wizard.
The orc wizard hits you but does no damage.
The orc hits you but does no damage.
The orc wizard hits you but does no damage.
The orc wizard hits you but does no damage.
The orc wizard gestures at you while chanting.
You resist with some effort.
You hear some strange, mumbled words.
Something tries to affect you, but you resist.
The orc wizard casts a spell at you. The magic dart hits you.
* * * LOW HITPOINT WARNING * * *
The orc wizard gestures at you while chanting.
The magic dart hits you but does no damage.
There is a stone staircase leading up here.
Something hits you but does no damage. The ogre hits you with a +0 giant club!
* * * LOW HITPOINT WARNING * * *
You climb upwards.
Reactivating autopickup.
There is a stone staircase leading down here.
Deactivating autopickup; reactivate with Ctrl-A.
You hit something. The orc hits you but does no damage.
Something hits you but does no damage. The ogre closely misses you.
The orc hits you but does no damage.
You hear some strange, mumbled words.
A magic dart appears from out of thin air!
The magic dart hits you!
* * * LOW HITPOINT WARNING * * *
Okay, then.
Your plate armour prevents you from hitting the orc.
The ogre barely misses you.
You hear some strange, mumbled words.
A puff of flame appears from out of thin air!
The puff of flame hits you!
* * * LOW HITPOINT WARNING * * *
The orc hits you with a +0 club.
* * * LOW HITPOINT WARNING * * *
All of the chunks of flesh in your inventory have rotted away.
You hit the orc. Something hits you but does no damage.
The orc barely misses you. The ogre hits you with a +0 giant club!
The Shining One protects you from harm!
You barely miss the orc.
You hear some strange, mumbled words.
A magic dart appears from out of thin air!
The magic dart hits you but does no damage.
The orc hits you but does no damage. The ogre hits you with a +0 giant club!
You die...

.##....#....####..##...#
.##....####.......####.#
.##....# #.......####.#
.##....# #............#
.##....# ##....#####..#
.##....# ######......#
.......#### #.###.##
####.##...#######o# #.#
...............{@.# #.#
.#.#.##...#.#.###O# #.#
.#...######.#.# #.# #.#
.######## #.#)# #.# #.#
........###.#.###.###.#
.######.......##......#
...#......#.#.....#####
.#.#.##...#......##
.#.#......#...####


You could see an ogre and an orc.

Vanquished Creatures
  Sigmund (D:5)
  An ice beast (D:5)
  A black bear (D:6)
  An ogre (D:4)
  A crimson imp (D:5)
  3 orc priests
  A bullfrog skeleton (D:5)
  3 orc wizards
  3 worker ants
  A hound zombie (D:5)
  A hound skeleton (D:5)
  Robin (D:4)
  4 gnolls (D:2)
  7 adders
  2 oozes
  3 worms
  4 dart slugs
  4 leopard geckos
  18 orcs
  4 bats
  A giant cockroach (D:5)
  18 goblins
  10 hobgoblins
  21 jackals
  4 kobolds
  6 quokkas
  2 ball pythons
  8 frilled lizards
  A leopard gecko skeleton (D:5)
  A quokka zombie (D:6)
  10 rats
146 creatures vanquished.

Notes
Turn   | Place    | Note
-------+----------+-------------------------------------------
     0 | D:1      | vurker the Human Artificer began the quest for the Orb.
     0 | D:1      | Reached XP level 1. HP: 15/15 MP: 3/3
   229 | D:1      | Reached XP level 2. HP: 21/21 MP: 4/4
   443 | D:1      | Reached XP level 3. HP: 26/26 MP: 5/5
   755 | D:2      | Found a faded altar of an unknown god.
   756 | D:2      | Reached skill level 1 in Armour
  1117 | D:2      | Reached XP level 4. HP: 33/33 MP: 6/6
  1390 | D:2      | Reached XP level 5. HP: 14/38 MP: 7/7
  1395 | D:2      | HP: 1/38 [gnoll/+0 whip (4)]
  1734 | D:2      | Found a sacrificial altar of Ru.
  1822 | D:2      | Found a shimmering altar of Xom.
  2957 | D:3      | Found a bloodstained altar of Trog.
  3049 | D:3      | Found a bloodstained altar of Trog.
  3111 | D:4      | Reached XP level 6. HP: 40/46 MP: 8/8
  3482 | D:4      | Noticed Robin
  3705 | D:4      | Killed Robin
  3875 | D:4      | Noticed an ogre
  3887 | D:4      | Killed an ogre
  3887 | D:4      | Reached XP level 7. HP: 52/52 MP: 10/10
  3924 | D:4      | Found an ancient bone altar of Kikubaaqudgha.
  4288 | D:5      | Entered Level 5 of the Dungeon
  4679 | D:5      | Reached skill level 5 in Dodging
  4901 | D:5      | Noticed Sigmund
  4910 | D:5      | Killed Sigmund
  4910 | D:5      | Reached XP level 8. HP: 60/60 MP: 11/11
  4923 | D:5      | Reached skill level 5 in Evocations
  5302 | D:5      | Found a staircase to the Ecumenical Temple.
  5351 | Temple   | Entered the Ecumenical Temple
  5612 | Temple   | Became a worshipper of the Shining One
  5805 | D:6      | Found an iron altar of Okawaru.
  5818 | D:6      | Reached skill level 1 in Long Blades
  5924 | D:6      | Reached skill level 1 in Invocations
  6041 | D:5      | HP: 3/61 [something/puff of flame (8)]
  6041 | D:5      | HP: 1/61 [orc/+0 club (2)]
  6042 | D:5      | The Shining One protects you from harm!
  6043 | D:5      | Demolished by an ogre

Illustrated notes

Levels and vault maps discovered:
D:1:      dpeg_arrival_rooms_b, layout_loops_ring, minmay_cupped
D:2:      layout_basic, tgw_xom, nicolae_ru_awakened_eye,
          chequers_ecumenical_altar_simple
D:3:      layout_rooms, lemuel_coloured_pillars_altar, trog_butcher_becter
D:4:      layout_basic, kennysheep_mini_moat, first_ration, uniq_robin
D:5:      layout_basic, minmay_temple_entry_butterflies, uniq_sigmund
D:6:      layout_rooms, nicolae_overflow_crystal_walls, okawaru_metal_pillars_3,
          cheibrodos_sewer_entry_sluice, wad_woods_river_04,
          yredelemnul_altar_generic
Temple:   compressed_dpeg_triangle_lava_temple

Skill      XL: |  1  2  3  4  5  6  7  8 |
---------------+-------------------------+-----
Armour         | 1 2 3 4 |  4.1
Dodging        | 3 4 5 |  5.0
Fighting       | 2 3 4 |  4.5
Evocations     | 4 5 |  5.3
Long Blades    | 1 |  1.6
Invocations    | 1 |  1.2
Short Blades   | |  1.0
Stealth        | |  1.0

Action                   |  1- 3 |  4- 6 |  7- 9 || total
-------------------------+-------+-------+-------++-------
Melee: Short sword       |     4 |       |       ||     4
       Hand axe          |    59 |   247 |   123 ||   429
       Long sword        |       |       |    57 ||    57
Evoke: Wand              |       |     8 |    11 ||    19
 Stab: Paralysed         |       |     7 |       ||     7
  Eat: Chunk             |       |    10 |     4 ||    14
       Ration            |       |       |     1 ||     1
Armor: Leather armour    |     5 |       |       ||     5
       Chain mail        |    32 |   165 |     2 ||   199
       Plate armour      |       |       |   241 ||   241
Dodge: Dodged            |    21 |    88 |    95 ||   204
       Rpst.: Long sword |       |       |    12 ||    12

Table legend:
 A = Non-vault XP
 B = Vault XP
 C = Vault XP percentage of total XP
 D = Non-vault monster count
 E = Vault monster count
 F = Vault count percentage of total count
                 A         B        C        D         E       F
            +---------+---------+-------+---------+---------+-------
      Total |    1209 |     271 |  18.3 |     126 |      20 |  13.7
            +---------+---------+-------+---------+---------+-------
        D:1 |      31 |       4 |  11.4 |      18 |       3 |  14.3
        D:2 |     135 |       0 |   0.0 |      34 |       0 |   0.0
        D:3 |      76 |      13 |  14.6 |      26 |       5 |  16.1
        D:4 |     296 |      34 |  10.3 |      15 |      11 |  42.3
        D:5 |     379 |     220 |  36.7 |      21 |       1 |   4.5
        D:6 |     292 |       0 |   0.0 |      12 |       0 |   0.0
            +---------+---------+-------+---------+---------+-------
